Map: Ruins of Seras

Players

puCK (Nina) - Winner!

  • Race: Protoss Protoss
  • League: Grandmaster

MCanning

  • Race: Protoss Protoss
  • League: Grandmaster

VOD

http://www.twitch.tv/mcanning/v/30690643

Description

Time

  • Played on: Dec. 19, 2015, 4:49 a.m.
  • Length: 9:57
Show
View Real Time Build Order
Export as new Build Order

puCK Protoss - Winner!

Build Orders: Nexus First 

Get SALT Encoding   

  12  0:01  Probe (Chrono Boost)  
  13  0:11  Probe (Chrono Boost)  
  14  0:18  Pylon  
  14  0:22  Probe (Chrono Boost)  
  15  0:36  Probe (Chrono Boost)  
  16  0:46  Probe (Chrono Boost)  
  17  0:59  Nexus  
  17  1:09  Gateway  
  17  1:12  Probe (Chrono Boost)  
  17  1:18  Assimilator  
  18  1:23  Probe (Chrono Boost)  
  19  1:26  Assimilator  
  19  1:34  Probe (Chrono Boost)  
  19  1:39  Gateway  
  20  1:44  Probe (Chrono Boost)  
  21  1:50  Pylon  
  21  2:00  Cybernetics Core  
  21  2:02  Probe (Chrono Boost)  
  22  2:13  Probe x2 (Chrono Boost)  
  24  2:23  Probe (Chrono Boost)  
  24  2:24  Probe (Chrono Boost)  
  26  2:34  Probe x2 (Chrono Boost)  
  26  2:36  Adept x2 (Chrono Boost)  
  32  2:39  Warp Gate  
  32  2:46  Mothership Core  
  32  2:48  Probe  
  35  3:00  Probe  
  35  3:02  Stalker (Chrono Boost)  
  35  3:03  Stalker (Chrono Boost)  
  40  3:08  Probe  
  40  3:12  Probe  
  42  3:14  Pylon  
  42  3:20  Probe (Chrono Boost)  
  42  3:24  Probe (Chrono Boost)  
  44  3:30  Robotics Facility  
  44  3:32  Probe (Chrono Boost)  
  45  3:36  Probe (Chrono Boost)  
  46  3:43  Probe (Chrono Boost)  
  46  3:46  Probe (Chrono Boost)  
  48  3:53  Probe (Chrono Boost)  
  49  3:56  Twilight Council  
  49  3:57  Probe (Chrono Boost)  
  46  4:04  Probe (Chrono Boost), Assimilator x2  
  46  4:07  Probe (Chrono Boost)  
  48  4:11  Gateway  
  48  4:13  Gateway  
  48  4:14  Probe (Chrono Boost)  
  48  4:17  Probe (Chrono Boost)  
  49  4:19  Observer (Chrono Boost)  
  51  4:26  Probe  
  51  4:29  Probe  
  53  4:32  Pylon  
  53  4:38  Pylon  
  53  4:40  Observer (Chrono Boost)  
  53  4:41  Blink (Chrono Boost)  
  54  4:50  Probe  
  55  4:52  Nexus  
  55  4:53  Stalker, Pylon  
  55  4:56  Stalker  
  59  5:01  Immortal (Chrono Boost)  
  59  5:05  Probe  
  59  5:06  Probe  
  65  5:11  Pylon  
  65  5:19  Gateway  
  65  5:22  Gateway  
  65  5:30  Stalker x2  
  65  5:34  Immortal  
  69  5:41  Gateway  
  72  5:51  Pylon  
  72  5:52  Pylon  
  72  5:56  Stalker x2  
  76  5:59  Stalker  
  78  6:15  Immortal  
  78  6:20  Forge  
  81  6:27  Stalker x3  
  81  6:28  Stalker  
  89  6:44  Probe  
  89  6:45  Probe x2  
  92  6:51  Observer  
  92  6:54  Protoss Ground Weapons Level 1  
  93  6:55  Probe  
  93  6:56  Photon Cannon  
  93  6:57  Probe x2  
  93  7:00  Photon Cannon  
  93  7:01  Pylon  
  96  7:05  Probe  
  96  7:07  Stalker x2  
  96  7:08  Stalker  
  103  7:09  Probe  
  103  7:10  Probe  
  103  7:15  Pylon  
  105  7:16  Probe, Warp Prism  
  105  7:21  Probe  
  109  7:26  Probe x2  
  109  7:41  Probe  
  107  7:45  Probe  
  107  7:49  Probe  
  109  7:52  Stalker x2  
  109  7:53  Stalker x2  
  109  7:54  Probe  
  109  7:56  Robotics Bay  
  109  7:57  Probe  
  119  8:00  Probe, Assimilator  
  119  8:01  Assimilator  
  120  8:06  Probe  
  120  8:07  Photon Cannon  
  120  8:11  Robotics Facility  
  121  8:22  Probe  
  121  8:26  Probe  
  123  8:30  Pylon  
  123  8:32  Pylon  
  123  8:40  Stalker  
  125  8:43  Pylon  
  125  8:44  Photon Cannon  
  125  8:49  Stalker x3, Disruptor, Pylon  
  125  8:50  Stalker  
  125  8:51  Pylon  
  136  9:01  Nexus  
  136  9:02  Pylon  
  136  9:04  Disruptor, Pylon  
  139  9:21  Stalker x3  
  139  9:22  Stalker x3  
  133  9:45  Stalker x4  
  125  9:46  Stalker x2  
Show
View Real Time Build Order
Export as new Build Order

MCanning Protoss 

Build Orders: Nexus First, Blink Stalkers 

Get SALT Encoding   

  12  0:01  Probe (Chrono Boost)  
  13  0:11  Probe (Chrono Boost)  
  14  0:19  Pylon  
  14  0:22  Probe (Chrono Boost)  
  15  0:37  Probe (Chrono Boost)  
  16  0:47  Probe (Chrono Boost)  
  17  0:58  Nexus  
  17  1:09  Gateway  
  17  1:12  Probe (Chrono Boost)  
  18  1:20  Assimilator  
  18  1:23  Probe (Chrono Boost)  
  19  1:26  Assimilator  
  19  1:33  Probe (Chrono Boost)  
  20  1:41  Gateway  
  20  1:44  Probe (Chrono Boost)  
  21  1:54  Probe (Chrono Boost)  
  21  1:59  Cybernetics Core  
  22  2:05  Probe (Chrono Boost)  
  23  2:10  Probe (Chrono Boost)  
  25  2:15  Probe (Chrono Boost)  
  25  2:21  Probe (Chrono Boost)  
  26  2:26  Probe (Chrono Boost)  
  27  2:32  Probe (Chrono Boost)  
  27  2:35  Stalker (Chrono Boost)  
  30  2:38  Stalker (Chrono Boost)  
  32  2:44  Pylon  
  32  2:50  Mothership Core (Chrono Boost)  
  34  2:55  Pylon  
  34  2:57  Warp Gate  
  34  3:01  Probe (Chrono Boost)  
  35  3:08  Probe (Chrono Boost)  
  35  3:11  Stalker (Chrono Boost)  
  38  3:15  Stalker (Chrono Boost)  
  38  3:17  Probe (Chrono Boost)  
  41  3:20  Probe (Chrono Boost)  
  42  3:28  Probe (Chrono Boost)  
  42  3:31  Probe (Chrono Boost)  
  42  3:32  Twilight Council  
  44  3:39  Probe (Chrono Boost)  
  45  3:42  Probe (Chrono Boost)  
  45  3:49  Probe (Chrono Boost)  
  45  3:54  Probe (Chrono Boost), Blink (Chrono Boost)  
  47  4:00  Probe (Chrono Boost)  
  47  4:04  Probe (Chrono Boost)  
  47  4:05  Assimilator  
  47  4:09  Assimilator  
  48  4:10  Probe (Chrono Boost)  
  48  4:17  Probe (Chrono Boost), Pylon  
  50  4:18  Sentry  
  50  4:21  Probe (Chrono Boost)  
  53  4:24  Robotics Facility  
  53  4:29  Probe (Chrono Boost)  
  54  4:35  Probe (Chrono Boost)  
  55  4:41  Probe (Chrono Boost)  
  55  4:42  Gateway  
  55  4:44  Gateway  
  57  4:45  Probe (Chrono Boost)  
  58  4:53  Probe (Chrono Boost)  
  58  4:55  Pylon  
  58  4:56  Probe (Chrono Boost)  
  59  5:01  Gateway  
  59  5:05  Gateway, Probe (Chrono Boost)  
  60  5:07  Gateway  
  60  5:12  Gateway  
  60  5:15  Observer (Chrono Boost)  
  60  5:20  Stalker x2  
  65  5:23  Probe  
  65  5:28  Pylon  
  66  5:34  Pylon  
  66  5:53  Nexus  
  66  5:54  Dark Shrine  
  66  6:01  Stalker x4  
  74  6:12  Stalker x3  
  74  6:17  Observer (Chrono Boost)  
  80  6:30  Robotics Bay  
  80  6:31  Probe  
  80  6:32  Forge  
  81  6:34  Pylon  
  81  6:39  Probe  
  82  6:43  Probe, Pylon  
  82  6:46  Pylon  
  83  6:50  Stalker  
  83  6:51  Probe  
  83  6:54  Stalker x2  
  88  6:55  Pylon  
  88  6:58  Stalker  
  92  7:01  Probe  
  92  7:03  Probe  
  92  7:06  Dark Templar  
  92  7:08  Dark Templar  
  98  7:13  Dark Templar  
  98  7:15  Protoss Ground Weapons Level 1 (Chrono Boost)  
  100  7:16  Disruptor  
  103  7:34  Photon Cannon  
  103  7:35  Photon Cannon  
  104  7:37  Probe x2  
  105  7:47  Disruptor  
  105  7:56  Probe  
  105  7:57  Assimilator  
  105  7:59  Stalker x5  
  105  8:01  Assimilator  
  105  8:03  Probe  
  116  8:08  Robotics Facility  
  116  8:11  Zealot  
  118  8:18  Stalker  
  120  8:21  Disruptor (Chrono Boost)  
  120  8:23  Stalker  
  123  8:31  Probe  
  122  8:35  Probe  
  122  8:38  Stalker, Photon Cannon  
  123  8:48  Dark Templar  
  125  8:51  Probe  
  125  8:53  Zealot  
  128  8:56  Disruptor (Chrono Boost)  
  132  9:11  Pylon  
  130  9:21  Pylon  
  127  9:25  Nexus, Dark Shrine  
  127  9:26  Pylon  
  127  9:27  Pylon  
  127  9:28  Probe  
  117  9:40  Stalker x3  
  117  9:41  Stalker  
  101  9:46  Stalker  
Tags
 
Add a new tag
Caveats
  • Supply blocks, unpowered buildings, or Contaminate may cause inaccurate times.
  • Supply counts are checked every 10 seconds.